 Dungeon Crawl Stone Soup version 0.30.0-5-g1a98f26d00 (webtiles) character file.

Game seed: 8491385639925566616

3012 Jase the Spear-Bearer (level 9, 0/72 HPs)
             Began as a Merfolk Gladiator on May 10, 2023.
             Was an Elder of Cheibriados.
             Slain by a troll (4 damage)
             ... on level 8 of the Dungeon.
             The game lasted 00:29:58 (8548 turns).

Jase the Spear-Bearer (Merfolk Gladiator)           Turns: 8548, Time: 00:29:59

Health: 0/72       AC:  6    Str: 24    XL:     9   Next: 85%
Magic:  9/13       EV: 20    Int: 18    God:    Cheibriados [****..]
Gold:   375        SH:  0    Dex: 26    Spells: 8/8 levels left

rFire   . . .        a - +0 trident
rCold   . . .        (no shield)
rNeg    . . .        b - +0 leather armour
rPois   .            c - +0 helmet
rElec   .            (no cloak)
rCorr   .            f - +0 pair of gloves
SInv    .            p - +0 pair of boots
Will    .....        E - amulet of magic regeneration
Stlth   ++           C - ring of wizardry
HPRegen 0.32/turn    (no ring)
MPRegen 0.53/turn

%: wizardry (x1)
@: mighty, very slow
A: (nimble swimmer 2), mertail
a: Renounce Religion, Bend Time, Temporal Distortion, Slouch


You were on level 8 of the Dungeon.
You worshipped Cheibriados.
Cheibriados was greatly pleased with you.
You visited 1 branch of the dungeon, and saw 8 of its levels.
You also visited: Ossuary.

You collected 375 gold pieces.

Inventory:

Hand Weapons
 a - a +0 trident (weapon)
Missiles
 d - 3 throwing nets (quivered)
 e - a javelin
 j - 12 poisoned darts
Armour
 b - a +0 leather armour (worn)
 c - a +0 helmet (worn)
 f - a +0 pair of gloves (worn)
 p - a +0 pair of boots (worn)
Jewellery
 h - a ring of ice
 o - a ring of flight
 C - a ring of wizardry (left hand)
 E - an amulet of magic regeneration (around neck)
 F - a ring of fire
Wands
 s - a wand of roots (4)
Scrolls
 i - 3 scrolls of poison {unknown}
 k - a scroll of acquirement {unknown}
 m - 3 scrolls of teleportation {unknown}
 q - 2 scrolls of enchant armour {unknown}
 v - a scroll of summoning {unknown}
 y - 2 scrolls of blinking {unknown}
 z - 2 scrolls of immolation {unknown}
 D - a scroll of amnesia {unknown}
 G - a scroll of vulnerability {unknown}
 H - a scroll of silence {unknown}
 I - a scroll of magic mapping {unknown}
 J - a scroll of fear
 K - a scroll of torment {unknown}
Potions
 g - 4 potions of curing
 l - 2 potions of mutation
 n - a potion of brilliance
 r - a potion of might
 t - 3 potions of attraction
 u - 2 potions of cancellation
 w - 2 potions of ambrosia
 x - a potion of flight
 A - a potion of magic
 B - 3 potions of invisibility
 L - 2 potions of resistance


   Skills:
 + Level 7.0 Fighting
 * Level 11.7 Polearms
 - Level 2.0 Throwing
 + Level 8.9 Dodging
 + Level 5.9 Invocations


You had 8 spell levels left.
You didn't know any spells.
Your spell library contained the following spells:

 Spells                   Type           Power      Damage    Failure   Level
 Apportation              Tloc           0%         N/A       11%         1
 Kiss of Death            Conj/Necr      0%         2d5       11%         1
 Confusing Touch          Hex            0%         N/A       28%         3
 Portal Projectile        Hex/Tloc       0%         N/A       28%         3
 Tukima's Dance           Hex            0%         N/A       28%         3
 Animate Dead             Necr           0%         N/A       65%         4
 Dispel Undead            Necr           0%         3d6       65%         4
 Manifold Assault         Tloc           0%         N/A       65%         4
 Alistair's Intoxication  Tmut/Pois      0%         N/A       93%         5
 Blade Hands              Tmut           0%         N/A       93%         5
 Borgnjor's Vile Clutch   Necr/Erth      0%         N/A       93%         5
 Death Channel            Necr           0%         N/A       100%        6
 Dispersal                Tloc           0%         N/A       100%        6
 Disjunction              Tloc           0%         N/A       100%        8


Dungeon Overview and Level Annotations

Branches:
Dungeon (8/15)             Temple (0/1) D:4         Ossuary (visited)
   Lair: D:8-11

Altars:
Cheibriados
Dithmenos
Kikubaaqudgha
Makhleb
Nemelex Xobeh
Ru
Sif Muna
Trog
Xom
Yredelemnul
The Shining One

Annotations:
D:5 10 exclusions


Innate Abilities, Weirdness & Mutations

((You are very nimble when in or above water. (Stealth+, EV+, Speed+++)))
Your lower body shifts to a powerful aquatic tail in water.


Message History

You feel very mighty all of a sudden. The troll bites you.
* * * LOW HITPOINT WARNING * * *
The troll claws you but does no damage. x2
Unknown command.
You barely miss the troll.
Unknown command.
You barely miss the troll. The troll misses you. x2
The troll closely misses you.
Unknown command.
You puncture the troll!
The troll is moderately wounded.
The troll misses you. The troll completely misses you. The troll misses you.
Unknown command.
You barely miss the troll.
The troll is moderately wounded.
The troll completely misses you. The troll barely misses you. x2
Unknown command.
You closely miss the troll.
The troll is moderately wounded.
The troll bites you!
* * * LOW HITPOINT WARNING * * *
The troll claws you but does no damage. The troll claws you!
* * * LOW HITPOINT WARNING * * *
Unknown command.
Okay, then.
You hit the troll.
The troll is heavily wounded.
Activating: Slouch (16% risk of failure)
Press: ? - help, Dir - look around, f - activate You can feel time thicken for a moment.
You kill the hound!
Cheibriados thoroughly appreciates the change of pace.
Cheibriados lowers the support of your attributes as your movement quickens.
The troll barely misses you. The troll claws you but does no damage.
The troll completely misses you.
You completely miss the troll.
The troll is almost dead.
The troll bites you.
You die...

..#...# #.#.#.# #.#.#.#
#.#.#.# #.#.#.# .
#.#.#.#
....#######.#.#.## .
.......)......T..+ ...
.....######.#.#@##.....
..# #.#.#<.......
#.#h######### #.#.#
!.... ..... ~S.~. S≈~.~


You could see a troll.

Vanquished Creatures
  2 hornets
  A wyvern (D:7)
  Menkaure (Ossuary)
  A water moccasin (D:7)
  An ice beast (D:6)
  A centaur (D:7)
  An ogre (D:6)
  A phantom (D:7)
  2 bullfrogs (D:7)
  11 wights
  3 killer bees (D:7)
  5 jellies
  A gnoll bouda (D:7)
  4 hounds
  5 orc priests
  7 orc wizards
  A sleepcap (D:5)
  An iguana (D:4)
  4 mummies
  9 gnolls
  7 adders
  3 shadow imps
  A white imp (D:5)
  2 worms (D:2)
  6 dart slugs
  20 orcs
  6 ball pythons
  2 bat zombies (D:3)
  7 endoplasms
  5 giant cockroaches
  2 gnoll zombies (Ossuary)
  11 hobgoblins
  6 jackals
  4 quokkas
  5 bats
  2 frilled lizards (D:1)
  5 gnoll skeletons (Ossuary)
  5 goblins
  3 goblin skeletons (Ossuary)
  6 goblin zombies (Ossuary)
  5 hobgoblin skeletons (Ossuary)
  6 hobgoblin zombies (Ossuary)
  5 kobolds
  3 kobold skeletons (Ossuary)
  4 kobold zombies (Ossuary)
  3 orc skeletons (Ossuary)
  4 orc zombies (Ossuary)
  5 rats
  6 rat skeletons (Ossuary)
  8 rat zombies
219 creatures vanquished.

Notes
Turn   | Place    | Note
-------+----------+-------------------------------------------
     0 | D:1      | Jase the Merfolk Gladiator began the quest for the Orb.
     0 | D:1      | Reached XP level 1. HP: 16/16 MP: 1/1
   101 | D:1      | Reached XP level 2. HP: 13/23 MP: 2/2
   343 | D:1      | Reached XP level 3. HP: 23/28 MP: 3/3
   622 | D:1      | Reached skill level 5 in Polearms
  1021 | D:2      | Reached XP level 4. HP: 35/35 MP: 4/4
  2277 | D:3      | Reached skill level 5 in Dodging
  2289 | D:3      | Found an ancient bone altar of Kikubaaqudgha.
  2349 | D:3      | Found a faded altar of an unknown god.
  2357 | D:3      | Prayed at the altar of an unknown god.
  2357 | D:3      | Became a worshipper of Cheibriados the Contemplative
  2357 | D:3      | Reached * piety under Cheibriados
  2376 | D:3      | Reached XP level 5. HP: 39/41 MP: 3/5
  2699 | D:4      | Reached skill level 6 in Polearms
  2702 | D:4      | Reached skill level 1 in Invocations
  2918 | D:4      | Reached XP level 6. HP: 31/48 MP: 4/6
  3052 | D:4      | Found a staircase to the Ecumenical Temple.
  3054 | D:4      | Reached ** piety under Cheibriados
  3168 | D:4      | Found a shimmering blue altar of Sif Muna.
  3326 | D:4      | Found a shadowy altar of Dithmenos.
  3424 | D:5      | Entered Level 5 of the Dungeon
  3502 | D:5      | Reached skill level 7 in Polearms
  3530 | D:5      | Reached XP level 7. HP: 27/54 MP: 3/8
  3808 | D:5      | Found a sand-covered staircase.
  3826 | Ossuary  | Entered an ossuary
  4104 | Ossuary  | Reached *** piety under Cheibriados
  4285 | Ossuary  | Noticed Menkaure
  4294 | Ossuary  | Killed Menkaure
  4507 | Ossuary  | Reached skill level 8 in Polearms
  4798 | D:5      | Noticed a hornet
  4834 | D:5      | HP: 2/53 [hornet (11)]
  4839 | D:5      | Killed a hornet
  4840 | D:5      | Reached XP level 8. HP: 5/61 MP: 1/10
  5299 | D:5      | Reached skill level 5 in Fighting
  5377 | D:5      | Found a shimmering altar of Xom.
  5877 | D:6      | Found a sacrificial altar of Ru.
  5877 | D:6      | Found a bloodstained altar of Trog.
  5877 | D:6      | Found a burning altar of Makhleb.
  6025 | D:6      | Reached skill level 9 in Polearms
  6131 | D:6      | Reached **** piety under Cheibriados
  6402 | D:6      | Found a basalt altar of Yredelemnul.
  6729 | D:6      | Found a sparkling altar of Nemelex Xobeh.
  6849 | D:6      | Reached skill level 10 in Polearms
  6875 | D:6      | Found a glowing golden altar of the Shining One.
  6906 | D:7      | Reached XP level 9. HP: 61/69 MP: 12/12
  6927 | D:7      | Reached skill level 5 in Invocations
  7154 | D:7      | Found a snail-covered altar of Cheibriados.
  7263 | D:7      | Reached skill level 11 in Polearms
  7846 | D:7      | Noticed a hornet
  7852 | D:7      | Paralysed by a hornet for 2 turns
  7860 | D:7      | Killed a hornet
  8338 | D:7      | Reached ***** piety under Cheibriados
  8525 | D:8      | Identified the +0 rapier of Currency {pain, rPois Dex+2}
  8532 | D:8      | Noticed a troll
  8545 | D:8      | HP: 3/72 [troll (7)]
  8548 | D:8      | Slain by a troll

Illustrated notes

Levels and vault maps discovered:
D:1:      minmay_arrival_loop, layout_loops_ring, minmay_box_of_dots
D:2:      layout_basic
D:3:      layout_basic, lemuel_zombie_altar_kikubaaqudgha,
          basic_ecumenical_altar, minmay_misc_feat_cross, serial_bayou_pond_b
D:4:      layout_rooms, nicolae_dithmenos_through_a_glass_darkly, led_sif_pool,
          minmay_temple_entry_sparse_star, serial_bayou_lagoon_b
D:5:      layout_loops_corners, dk_xom_monty_hall, gup_ossuary_entry_pyramid,
          columned_hall_lemuel, minmay_misc_feat_encased
D:6:      layout_basic, lemuel_crystal_altar,
          gammafunk_temple_overflow_forgotten,
          nemelex_xobeh_ov_fountains_minmay, tso_oasis_becter
D:7:      layout_basic, mainiacjoe_overflow_24_doors
D:8:      layout_basic, mainiacjoe_overflow_chevrons,
          mainiacjoe_overflow_catwalk_spiral, erik_lair_island

Skill      XL: |  1  2  3  4  5  6  7  8  9 |
---------------+----------------------------+-----
Polearms       | 5 6 7 8 10 11 | 11.7
Fighting       | 3 4 6 7 |  7.0
Dodging        | 5 6 7 8 |  8.9
Invocations    | 1 2 3 4 5 |  5.9
Throwing       | |  2.0

Action                     |  1- 3 |  4- 6 |  7- 9 || total
---------------------------+-------+-------+-------++-------
  Melee: Trident           |   143 |   251 |   525 ||   919
         Tailslap          |       |     4 |       ||     4
         Punch             |       |       |     8 ||     8
 Invoke: Bend Time         |       |       |     3 ||     3
         Slouch            |       |       |     1 ||     1
         Temporal Distorti |       |       |     1 ||     1
    Use: Scroll            |       |     4 |     6 ||    10
         Potion            |       |       |     5 ||     5
   Stab: Sleeping          |       |     4 |     4 ||     8
         Distracted        |       |       |     4 ||     4
 Armour: Leather armour    |    30 |    58 |    59 ||   147
  Dodge: Dodged            |    74 |   138 |   271 ||   483
